 Dungeon Crawl Stone Soup version 0.19.1 (webtiles) character file.

14858 Legion1337 the Blocker (level 11, -5/93 HPs)
             Began as a Minotaur Fighter on Dec 17, 2016.
             Was a High Priest of Nemelex Xobeh.
             Killed by a card of wild magic (40 damage)
             ... on level 1 of the Lair of Beasts.
             The game lasted 01:03:47 (8391 turns).

Legion1337 the Blocker (Minotaur Fighter)           Turns: 8391, Time: 01:03:50

Health: -5/93      AC:  6    Str: 19    XL:     11   Next: 94%
Magic:  11/11      EV: 23    Int:  3    God:    Nemelex Xobeh [*****.]
Gold:   551        SH: 18    Dex: 26    Spells: 0 memorised, 10 levels left

rFire  + . .     SeeInvis .     P - +6 long sword "Ranemon" {venom, *Noise rF+ MR++ Dex+4}
rCold  . . .     Gourm    .     A - +1 troll leather armour {Purgy}
rNeg   . . .     Faith    .     c - +0 shield
rPois  .         Spirit   .     (helmet restricted)
rElec  .         Reflect  +     (no cloak)
rCorr  .         Harm     .     (no gloves)
MR     ++...     Clarity  +     (no boots)
Stlth  ++++......               w - amulet "Feubali" {Reflect Str-5 Int-2 Dex+10 SH+4 Stlth+}
                                J - +4 ring of slaying
                                H - +5 ring of evasion

@: no status effects
A: retaliatory headbutt, horns 2, blink, clarity, strong 1
a: Blink, Triple Draw, Deal Four, Stack Five, Renounce Religion


You were on level 1 of the Lair of Beasts.
You worshipped Nemelex Xobeh.
Nemelex Xobeh was extremely pleased with you.
You were not hungry.

You visited 3 branches of the dungeon, and saw 14 of its levels.
You visited the Abyss 1 time.
You also visited: Bailey.

You collected 1350 gold pieces.
You spent 799 gold pieces at shops.

Inventory:

Hand Weapons
 P - the +6 long sword "Ranemon" (weapon) {venom, *Noise rF+ MR++ Dex+4}
   (You bought it in a shop on level 8 of the Dungeon)

   It poisons the flesh of those it strikes.
   It affects your dexterity (+4).
   It protects you from fire.
   It affects your resistance to hostile enchantments.
   It may make noises in combat.
 Y - a +3 dagger of freezing
Missiles
 V - 31 tomahawks of returning (quivered)
Armour
 c - a +0 shield (worn)
 A - a +1 troll leather armour (worn) {Purgy}
 L - a +1 leather armour of cold resistance
 M - a +0 centaur barding
Jewellery
 u - an uncursed amulet of regeneration
 w - the amulet "Feubali" (around neck) {Reflect Str-5 Int-2 Dex+10 SH+4 Stlth+}
   (You found it on level 4 of the Dungeon)

   [amulet of reflection]

   It shields you and reflects attacks.
   It affects your strength (-5).
   It affects your intelligence (-2).
   It affects your dexterity (+10).
   It affects your SH (+4).
   It makes you more stealthy.
 x - a cursed amulet of inaccuracy {unknown}
 C - a +4 amulet of reflection {unknown}
 H - a +5 ring of evasion (left hand)
 J - a +4 ring of slaying (right hand)
Wands
 k - a wand of confusion (29/48)
 z - a wand of lightning (5/15)
 I - a wand of polymorph (12/24)
 O - a wand of flame (28/48)
 R - a wand of lightning (10/15)
Scrolls
 e - 7 scrolls of remove curse
 g - 2 scrolls of fog
 i - 10 scrolls of identify
 m - a scroll of fear
 n - a scroll of blinking
 o - 2 scrolls of teleportation
 s - 2 scrolls of enchant armour
Potions
 a - a potion of berserk rage
 b - 2 potions of agility
 d - 2 potions of might
 v - a potion of ambrosia
 B - a potion of heal wounds
 D - a potion of brilliance {unknown}
 F - a potion of curing
 K - a potion of flight
 Q - a potion of invisibility
Miscellaneous
 j - an ornate deck of destruction
 p - a legendary deck of destruction
 r - an ornate deck of escape
 t - an ornate deck of escape
 y - a legendary deck of destruction
 S - a plain deck of destruction {drawn: 2}
 W - a plain deck of summoning {drawn: 2}
Comestibles
 f - 9 bread rations
 h - 4 meat rations
 q - 9 fruits
 E - a slice of pizza
 G - 6 chunks of flesh


   Skills:
 + Level 7.7 Fighting
 + Level 6.6(9.0) Short Blades
 * Level 10.1(11.0) Long Blades
   Level 7.3 Axes
 + Level 2.6 Throwing
 + Level 6.4 Armour
 + Level 6.7 Dodging
 + Level 4.2 Stealth
 * Level 12.7 Shields
 + Level 1.7 Invocations
 + Level 0.8 Evocations


You had 10 spell levels left.
You didn't know any spells.

Dungeon Overview and Level Annotations

Branches:
Dungeon (10/15)            Temple (1/1) D:7            Lair (3/6) D:9
  Swamp: Lair:2-4    Shoals: Lair:2-4     Snake: Lair:2-4    Spider: Lair:2-4
    Orc: D:9-12

Altars:
Ashenzari
Cheibriados
Dithmenos
Elyvilon
Fedhas
Gozag
Hepliaklqana
Kikubaaqudgha
Makhleb
Nemelex Xobeh
Okawaru
Qazlal
Ru
Sif Muna
Trog
Uskayaw
Vehumet
Xom
Yredelemnul
Zin
The Shining One

Shops:
D:6 =   D:8 :[(


Innate Abilities, Weirdness & Mutations

You reflexively headbutt those who attack you in melee.
You have a pair of horns on your head.
You can translocate small distances at will.
You possess an exceptional clarity of mind.
Your muscles are strong. (Str +2)


Message History

You slash the death yak!
The death yak looks as sick as possible!
The death yak is moderately wounded.
Your insubstantial wisp closely misses the insubstantial wisp.
The insubstantial wisp blinks!
The death yak completely misses something.
Evoke which item? (* to show all) (? for menu, Esc to quit)
You draw a card...
It is Wild Magic.
Freezing gases pour from the death yak's front hooves!
The death yak is struck by twisting air!
There is a sudden explosion of magical energy!
The explosion engulfs the insubstantial wisp.
The insubstantial wisp is destroyed!
The explosion engulfs the insubstantial wisp.
The insubstantial wisp is destroyed!
The explosion engulfs your insubstantial wisp.
Your insubstantial wisp is destroyed!
The explosion engulfs you!
You die...
Your body glows with a rainbow of weird colours and disappears.

*,,,,*
####..)..§...,,**,,,,,,
**,,,,*
*.#..........,*****,,,,
*,,,,,***#...........,*
*,,,,
*,,,,,,,,,...........**
*,,,,
*,,**,,,,,,........,**
*****
********,*,..Yl..##**
*****#YY§..##
#Y#....###
####@#.....## ####
###.##.#......## #..#
##.............P# ##
#..#
#...............#### #.
##..#
##...............#.#
##. #...#
#...>.............###..
#...#
#.............##....###
#...#
#.........(....##...###
#...#
#..........P....##...#.


You could see 3 death yaks.

Vanquished Creatures
  A lich (Abyss:1)
  A death yak (Lair:1)
  Sonja (Lair:1)
  2 wretched stars (Abyss:1)
  The ghost of TheForgottenOwl the Carver, a novice MiFi of Okawaru (D:7)
  A smoke demon (Abyss:1)
  A spiny frog (Lair:1)
  A two-headed ogre (D:8)
  Grinder (D:3)
  A hippogriff (D:8)
  4 blink frogs (Lair:1)
  A vampire (Abyss:1)
  A fire bat (Abyss:1)
  A golden eye (Abyss:1)
  A basilisk (D:9)
  4 yaks
  Grum (D:9)
  6 vampire mosquitoes (Lair:1)
  A hungry ghost (D:9)
  An insubstantial wisp (Lair:1)
  A water moccasin (D:7)
  3 porcupines
  6 orc warriors
  Purgy (D:3)
  2 sky beasts
  5 ogres
  A black bear (D:9)
  A phantom (D:9)
  A centaur (D:7)
  2 crocodiles (D:9)
  A big kobold (D:9)
  8 bullfrogs
  A water moccasin zombie (D:8)
  3 scorpions
  3 small abominations (Abyss:1)
  8 killer bees
  2 vampire bats (D:2)
  2 howler monkeys
  6 crimson imps
  A quasit (Abyss:1)
  2 bullfrog skeletons
  6 hounds
  2 jellies
  2 orc priests
  2 centaur skeletons (D:4)
  3 iron imps (D:6)
  11 iguanas
  An orc wizard (D:8)
  3 worker ants
  A hound skeleton (D:6)
  2 worker ant zombies
  8 gnolls
  4 river rats (D:9)
  8 adders
  3 shadow imps
  A white imp (Abyss:1)
  3 adder skeletons
  An adder zombie (D:7)
  3 worms
  4 dart slugs
  6 leopard geckos
  27 orcs
  A ball python (D:4)
  3 bat skeletons (D:2)
  3 bat zombies (D:2)
  3 giant cockroaches
  6 hobgoblins
  11 jackals
  18 kobolds
  6 quokkas
  A bat (D:2)
  5 frilled lizards
  17 goblins
  A leopard gecko skeleton (D:5)
  9 rats
  2 plants
279 creatures vanquished.

Vanquished Creatures (collateral kills)
  A death yak (Lair:1)
  An orc knight (Bailey)
  An insubstantial wisp (Lair:1)
3 creatures vanquished.

Vanquished Creatures (others)
  A goblin (D:2)
  6 kobolds (Bailey)
  7 plants
14 creatures vanquished.

Grand Total: 296 creatures vanquished

Notes
Turn   | Place    | Note
-------+----------+-------------------------------------------
     0 | D:1      | Legion1337 the Minotaur Fighter began the quest for the Orb.
     0 | D:1      | Reached XP level 1. HP: 19/19 MP: 0/0
   269 | D:2      | Reached XP level 2. HP: 18/27 MP: 1/1
   457 | D:1      | Found a sparkling altar of Nemelex Xobeh.
   465 | D:1      | Reached skill level 4 in Shields
   477 | D:1      | Became a worshipper of Nemelex Xobeh the Trickster
   521 | D:1      | Received a gift from Nemelex Xobeh
   866 | D:1      | Reached XP level 3. HP: 33/33 MP: 2/2
  1011 | D:2      | Found an ancient bone altar of Kikubaaqudgha.
  1012 | D:2      | Reached XP level 4. HP: 40/40 MP: 3/3
  1022 | D:2      | Reached skill level 1 in Dodging
  1084 | D:2      | Found a white marble altar of Elyvilon.
  1097 | D:2      | Received a gift from Nemelex Xobeh
  1269 | D:2      | Reached XP level 5. HP: 41/46 MP: 4/4
  1336 | D:3      | Found an opulent altar of Gozag.
  1421 | D:2      | Reached * piety under Nemelex Xobeh
  1522 | D:2      | Found a faded altar of an unknown god.
  1550 | D:4      | Got a faintly glowing bronze amulet
  1591 | D:3      | Identified the amulet "Feubali" {Reflect Str-5 Int-2 Dex+10 SH+4 Stlth+} (You found it on level 4 of the Dungeon)
  1713 | D:3      | Noticed Grinder
  1721 | D:3      | Paralysed by Grinder for 3 turns
  1732 | D:3      | Killed Grinder
  1732 | D:3      | Reached skill level 5 in Axes
  1732 | D:3      | Reached skill level 5 in Armour
  1732 | D:3      | Reached skill level 5 in Shields
  1732 | D:3      | Reached XP level 6. HP: 33/53 MP: 5/5
  1780 | D:3      | Noticed Purgy
  1798 | D:3      | Killed Purgy
  1955 | D:4      | Reached skill level 5 in Fighting
  1955 | D:4      | Reached XP level 7. HP: 53/61 MP: 6/6
  2007 | D:4      | Reached skill level 6 in Shields
  2010 | D:4      | Found a blossoming altar of Fedhas.
  2017 | D:4      | Found a bloodstained altar of Trog.
  2019 | D:4      | Found a hazy altar of Hepliaklqana.
  2124 | D:4      | Received a gift from Nemelex Xobeh
  2293 | D:4      | Found a shadowy altar of Dithmenos.
  2374 | D:4      | Reached ** piety under Nemelex Xobeh
  2376 | D:5      | Entered Level 5 of the Dungeon
  2562 | D:4      | Found a stormy altar of Qazlal.
  2571 | D:4      | Found a snail-covered altar of Cheibriados.
  2796 | D:5      | Found a basalt altar of Yredelemnul.
  4319 | D:6      | Reached XP level 8. HP: 68/68 MP: 7/7
  4322 | D:6      | Reached skill level 1 in Stealth
  4340 | D:6      | Reached skill level 1 in Short Blades
  4397 | D:6      | Reached skill level 7 in Shields
  4634 | D:7      | Noticed TheForgottenOwl's ghost (novice MiFi)
  4653 | D:7      | Killed TheForgottenOwl's ghost
  4653 | D:7      | Reached skill level 8 in Shields
  4693 | D:7      | Reached XP level 9. HP: 41/75 MP: 8/8
  4798 | D:7      | Reached *** piety under Nemelex Xobeh
  4859 | D:7      | Found a glowing golden altar of the Shining One.
  4875 | D:7      | Found a shimmering altar of Xom.
  4914 | D:7      | Found a flagged portal.
  4924 | D:7      | Reached skill level 5 in Dodging
  4966 | Bailey   | Entered a bailey
  5059 | Bailey   | Reached skill level 9 in Shields
  5074 | Bailey   | Found a bloodstained altar of Trog.
  5074 | Bailey   | Noticed an orc knight
  5184 | Bailey   | Killed an orc knight
  5184 | Bailey   | Reached skill level 5 in Short Blades
  5308 | D:7      | Found a staircase to the Ecumenical Temple.
  5317 | Temple   | Entered the Ecumenical Temple
  5522 | D:7      | Received a gift from Nemelex Xobeh
  5646 | D:6      | Found a snail-covered altar of Cheibriados.
  5710 | D:6      | Found Puenayc's Jewellery Boutique.
  5756 | D:6      | Reached skill level 1 in Throwing
  5771 | D:6      | Found a burning altar of Makhleb.
  5992 | D:6      | Reached skill level 10 in Shields
  6156 | D:8      | Reached XP level 10. HP: 80/84 MP: 9/9
  6317 | D:9      | Reached skill level 1 in Invocations
  6354 | D:10     | Entered Level 10 of the Dungeon
  6495 | D:8      | Found Doban's Armour Boutique.
  6512 | D:8      | Received a gift from Nemelex Xobeh
  6535 | D:8      | Identified a +0 rod of ignition (12/12) (You found it in a bailey)
  6554 | D:8      | Found Fieduenn's Weapon Shop.
  6559 | D:8      | Bought the +6 long sword "Ranemon" {venom, *Noise rF+ MR++ Dex+4} for 799 gold pieces
  6596 | D:8      | Found Keawecw's Book Shoppe.
  6727 | D:8      | Reached **** piety under Nemelex Xobeh
  6933 | D:10     | Noticed Grum
  6950 | D:9      | Killed Grum
  6950 | D:9      | Reached skill level 1 in Long Blades
  7172 | D:9      | Found a staircase to the Lair.
  7180 | D:9      | Reached skill level 5 in Long Blades
  7223 | Lair:1   | Entered Level 1 of the Lair of Beasts
  7241 | Lair:1   | Gained mutation: You can translocate small distances at will. [potion of beneficial mutation]
  7242 | Lair:1   | Gained mutation: You possess an exceptional clarity of mind. [potion of mutation]
  7242 | Lair:1   | Gained mutation: Your muscles are strong. (Str +2) [potion of mutation]
  7293 | Lair:1   | Reached skill level 11 in Shields
  7318 | Lair:1   | Received a gift from Nemelex Xobeh
  7457 | Lair:1   | Noticed Sonja
  7484 | Lair:1   | Reached XP level 11. HP: 85/92 MP: 10/10
  7523 | Lair:1   | Cast into level 1 of the Abyss (Sonja)
  7523 | Abyss:1  | Received a gift from Nemelex Xobeh
  7526 | Abyss:1  | Found an ancient bone altar of Kikubaaqudgha.
  7563 | Abyss:1  | Reached ***** piety under Nemelex Xobeh
  7653 | Abyss:1  | Noticed a wretched star
  7663 | Abyss:1  | Killed a wretched star
  7743 | Abyss:1  | Noticed a tentacled starspawn
  7850 | Abyss:1  | HP: 2/92 [small abomination (13)]
  7940 | Abyss:1  | Received a gift from Nemelex Xobeh
  7954 | Abyss:1  | Noticed a lich
  7962 | Abyss:1  | Killed a lich
  7962 | Abyss:1  | Reached skill level 12 in Shields
  8007 | Abyss:1  | Noticed a wretched star
  8012 | Abyss:1  | Noticed a sun demon
  8025 | Abyss:1  | Killed a wretched star
  8028 | Abyss:1  | Noticed a tentacled starspawn
  8028 | Lair:1   | Escaped the Abyss
  8147 | Lair:1   | Received a gift from Nemelex Xobeh
  8267 | Lair:1   | Killed Sonja
  8376 | Lair:1   | Noticed a death yak
  8378 | Lair:1   | Noticed a death yak
  8378 | Lair:1   | Noticed a death yak
  8379 | Lair:1   | Noticed a death yak
  8379 | Lair:1   | Noticed a death yak
  8381 | Lair:1   | Noticed a death yak
  8386 | Lair:1   | Killed a death yak
  8387 | Lair:1   | Killed a death yak
  8387 | Lair:1   | Reached skill level 10 in Long Blades
  8391 | Lair:1   | Killed by a card of wild magic

Skill      XL: |  1  2  3  4  5  6  7  8  9 10 11 |
---------------+----------------------------------+-----
Shields        | 4 5 6 8 10 11 12 | 12.7
Armour         | 4 5 6 |  6.4
Fighting       | 4 5 6 7 |  7.7
Axes           | 3 5 7 |  7.3
Dodging        | 1 2 3 4 5 6 |  6.7
Stealth        | 1 3 4 |  4.2
Short Blades   | 4 5 6 |  6.6
Throwing       | 1 2 |  2.6
Invocations    | 1 |  1.7
Long Blades    | 6 10 | 10.1
Evocations     | |  0.8

Action                   |  1- 3 |  4- 6 |  7- 9 | 10-12 || total
-------------------------+-------+-------+-------+-------++-------
Melee: War axe           |    66 |    94 |    73 |       ||   233
       Headbutt          |     7 |    21 |    92 |   101 ||   221
       Dagger            |       |       |   239 |    41 ||   280
       Long sword        |       |       |       |   225 ||   225
Throw: Tomahawk          |       |       |     5 |    25 ||    30
Evoke: Deck              |       |       |     2 |    16 ||    18
       Rod               |       |       |       |     2 ||     2
       Phantom mirror    |       |       |       |     1 ||     1
  Use: Scroll            |       |     4 |     1 |    15 ||    20
       Potion            |       |       |       |    11 ||    11
 Stab: Sleeping          |       |       |     7 |     5 ||    12
       Distracted        |       |       |     1 |     1 ||     2
  Eat: Chunk             |       |     4 |    13 |     8 ||    25
       Fruit             |       |       |       |     1 ||     1
Armor: Scale mail        |    55 |    37 |       |       ||    92
       Troll leather arm |       |       |     9 |    21 ||    30
Dodge: Dodged            |    25 |    44 |   121 |   138 ||   328
Block: Shield            |    44 |    82 |   214 |   231 ||   571
       Reflection        |       |     2 |    29 |     5 ||    36
       Rpst.: Long sword |       |       |       |    33 ||    33
